 Dungeon Crawl Stone Soup version 0.17.1-3-g152610e (webtiles) character file.

91 Kokonut the Cudgeler (level 4, 0/58 HPs)
             Began as a Minotaur Berserker on Mar 5, 2016.
             Was a Believer of Trog.
             Slain by an orc wizard
             ... wielding a +0 dagger
              (2 damage)
             ... on level 3 of the Dungeon.
             The game lasted 00:04:11 (1578 turns).

Kokonut the Cudgeler (Minotaur Berserker)           Turns: 1578, Time: 00:04:11

Health: 0/58       AC:  2    Str: 26    XL:     4   Next: 34%
Magic:  3/3        EV: 12    Int:  4    God:    Trog [**....]
Gold:   76         SH:  0    Dex: 11    Spells: 0 memorised, 3 levels left

rFire  . . .     SeeInvis .     a - +0 mace
rCold  . . .     Clarity  .     q - -2 leather armour (curse)
rNeg   . . .     SustAt   .     (no shield)
rPois  .         Gourm    .     (helmet restricted)
rElec  .         Spirit   .     (no cloak)
rCorr  .         Warding  .     j - +0 pair of gloves
rMut   .         Stasis   .     (no boots)
MR     .....                    (no amulet)
Stlth  ..........               (no ring)
                                (no ring)

@: berserking, very quick, not resistant to hostile enchantments, extremely
unstealthy
A: retaliatory headbutt, horns 2
a: Berserk, Trog's Hand, Burn Spellbooks, Renounce Religion


You were on level 3 of the Dungeon.
You worshipped Trog.
Trog was pleased with you.
You were not hungry.

You visited 1 branch of the dungeon, and saw 3 of its levels.

You collected 76 gold pieces.

Inventory:

Hand Weapons
 a - a +0 mace (weapon)
 x - a +1 falchion of holy wrath
Armour
 b - a +0 animal skin
 j - a +0 pair of gloves (worn)
 q - a cursed -2 leather armour (worn)
Wands
 s - a wand of polymorph (7)
Scrolls
 d - 2 scrolls of identify {unknown}
 h - 2 scrolls of amnesia {unknown}
 k - a scroll of remove curse {unknown}
 m - a scroll of enchant armour {unknown}
 n - 3 scrolls of fear {unknown}
 p - 2 scrolls of recharging {unknown}
 v - a scroll of random uselessness {unknown}
Potions
 e - 2 potions of curing {unknown}
 f - a potion of agility {unknown}
 i - a potion of magic {unknown}
 r - a potion of might {unknown}
 u - a potion of poison {unknown}
Comestibles
 c - a bread ration
 g - a beef jerky
 l - 2 meat rations
 o - a royal jelly
 t - 5 fruits


   Skills:
 - Level 3.6 Fighting
 + Level 6.3 Maces & Flails
 - Level 2.4 Armour
 - Level 2.1 Dodging


You had 3 spell levels left.
You didn't know any spells.

Dungeon Overview and Level Annotations

Branches:
Dungeon (3/15)

Altars:
Dithmenos


Innate Abilities, Weirdness & Mutations

You reflexively headbutt those who attack you in melee.
You have a pair of horns on your head.


Message History

The orc priest hits you with a flail!
* * * LOW HITPOINT WARNING * * *
A red film seems to cover your vision as you go berserk!
You feel yourself moving faster!
You feel mighty!
You feel somewhat more hungry.
The orc wizard mumbles some strange words.
The orc wizard flickers and vanishes!
Deactivating autopickup; reactivate with Ctrl-A.
The orc priest closely misses you. The orc wizard hits you with a dagger.
* * * LOW HITPOINT WARNING * * *
You hit the orc priest.
You kill the orc priest!
Trog accepts your kill.
Your Maces & Flails skill increases to level 6!
You have reached level 4!
You feel agile.
You hit the orc wizard. Your headbutt misses the orc wizard.
The orc wizard is moderately wounded.
The orc wizard hits you with a dagger.
You die...

.......l.#
...........
......)...#
.#.........
.#.#...?... ##
... .......
#.####.#
#....#....#.#
#......<#.#.#
#....####@#.#
#........o).....#
####.####o#.###.#
.....{..# #o#<#
#o#.# #.#.# #.#.#
#.#


You could see an orc wizard and 3 orcs.

Vanquished Creatures
  An orc priest (D:3)
  2 adders (D:2)
  A worm (D:2)
  2 orcs
  A ball python (D:2)
  4 bats
  A giant cockroach (D:1)
  6 hobgoblins
  7 kobolds
  2 quokkas (D:2)
  5 giant geckos (D:2)
  A giant newt (D:1)
  3 goblins
  3 rats
39 creatures vanquished.

Notes
Turn   | Place    | Note
--------------------------------------------------------------
     0 | D:1      | Kokonut the Minotaur Berserker began the quest for the Orb.
     0 | D:1      | Reached XP level 1. HP: 19/19 MP: 0/0
    48 | D:1      | Reached skill level 4 in Maces & Flails
    92 | D:2      | Reached XP level 2. HP: 17/26 MP: 1/1
   932 | D:2      | Reached skill level 5 in Maces & Flails
   932 | D:2      | Reached XP level 3. HP: 23/31 MP: 2/2
   937 | D:2      | Reached ** piety under Trog
  1021 | D:2      | Found a shadowy altar of Dithmenos.
  1576 | D:3      | HP: 2/46 [orc wizard/dagger (2)]
  1577 | D:3      | Reached skill level 6 in Maces & Flails
  1577 | D:3      | Reached XP level 4. HP: 2/39 MP: 3/3
  1578 | D:3      | Slain by an orc wizard

Action                   |  1- 3 |  4- 6 || total
-------------------------+-------+-------++-------
Melee: Mace              |    77 |     1 ||    78
Invok: Berserk           |     1 |       ||     1
  Eat: Chunk             |     2 |       ||     2
